 Dungeon Crawl Stone Soup version 0.31-a0-441-g867994ef1c (webtiles) character file.

Game seed: 16718246945949630359

28 Xavori the Trooper (level 3, -4/30 HPs)
             Began as a Djinni Chaos Knight on Aug 2, 2023.
             Was a Plaything of Xom.
             Slain by an ogre
             ... wielding a +0 giant club
              (18 damage)
             ... on level 2 of the Dungeon.
             The game lasted 00:01:14 (5608 turns).

Xavori the Trooper (Djinni Chaos Knight)            Turns: 5608, Time: 00:01:17

Health: -4/30      AC:  9    Str: 17    XL:     3   Next: 27%
Gold:   48         EV: 11    Int: 12    God:    Xom [...*..] SH:  3 Dex: 11

rFire   + + .        a - +0 falchion (chaos)
rCold   x . .        i - +0 buckler
rNeg    . . .        b - +3 leather armour
rPois   ∞            (no helmet)
rElec   .            (no cloak)
rCorr   .            (no gloves)
SInv    +            (boots unavailable)
Will    .....        (no amulet)
Stlth   +            (no ring)
HPRegen 0.25/turn    (no ring)
MPRegen 0.00/turn

%: clarity, infuse magic (-5 HP)
@: flying, unable to drink
A: sickness immunity, fire resistance 2, cold vulnerability 1, float, innate
caster, HP casting, extra vitality 1, iridescent scales 1, see invisible,
clarity, shaggy fur 1, strong 1, wild magic 1, inability to drink after injury
1, noise suppression
a: Renounce Religion


You were on level 2 of the Dungeon.
You worshipped Xom.
You were a favourite toy of Xom.
You visited 1 branch of the dungeon, and saw 2 of its levels.

You collected 48 gold pieces.

Inventory:

Hand Weapons
 a - a +0 falchion of chaos (weapon)
Armour
 b - a +3 leather armour (worn)
 i - a +0 buckler (worn)
Scrolls
 c - a scroll of butterflies
 d - a scroll of enchant armour
 e - a scroll of poison {unknown}
 f - a scroll of immolation {unknown}
Potions
 g - a potion of degeneration {unknown}
 h - a potion of lignification {unknown}


   Skills:
 + Level 3.3 Fighting
 + Level 3.1 Long Blades
 + Level 1.4 Armour
 + Level 2.4 Dodging
 + Level 0.2 Stealth


You knew the following spells:

 Your Spells              Type           Power      Damage    Failure   Level
a - Freeze                Ice            0%         1d3       56%         1
Your spell library was empty.

Dungeon Overview and Level Annotations

Branches:
Dungeon (2/15)

Altars:


Innate Abilities, Weirdness & Mutations

You are immune to sickness and miasma.
You are immune to poison.
Your flesh is very heat resistant. (rF++)
You are vulnerable to cold. (rC-)
You float through the air rather than walking.
You learn spells naturally, not from books.
Your magical power is your life essence.
You have superior vitality. (+4 MHP)
You are partially covered in iridescent scales. (AC +2)
You have supernaturally acute eyesight. (SInv)
You possess an exceptional clarity of mind.
You are covered in fur. (AC +1)
Your muscles are strong. (Str +4, Int/Dex -1)
Your spells are a little harder to cast, but a little more powerful.
You occasionally lose the ability to drink potions when taking damage.
You passively dampen the noise of your surroundings.


Message History

An ogre comes into view. It is wielding a +0 giant club.
An ogre is nearby!
An ogre is nearby!
An ogre is nearby!
The ogre shouts!
An adder comes into view.
You barely miss the ogre. The ogre hits you but does no damage.
You hit the ogre. You freeze the ogre.
The ogre is lightly wounded.
The ogre misses you.
You slash the ogre!
The ogre is heavily wounded.
The ogre hits you with a +0 giant club!!
Ouch! That really hurt!
You are too injured to fight recklessly!
You barely miss the ogre.
The ogre is heavily wounded.
The ogre closely misses you.
You are too injured to fight recklessly!
You hit the ogre. You burn the ogre.
The ogre is heavily wounded.
You barely miss the ogre.
The ogre is heavily wounded.
The ogre completely misses you.
You hit the ogre but do no damage.
The ogre is heavily wounded.
The ogre completely misses you.
You hit the ogre but do no damage.
The ogre is heavily wounded.
The ogre barely misses you.
You slash the ogre! You burn the ogre.
The ogre is almost dead.
A frilled lizard comes into view.
You completely miss the ogre.
The ogre is almost dead.
The ogre hits you with a +0 giant club!!
You feel threatened and lose the ability to drink potions!
Ouch! That really hurt!
You die...
Xom thinks this is hilarious!

##### .....# .
#.....# #.. #......
.....#########.....#
.....SO@..<........#
...#####.......###.#
####.$.........#
..........[..####
#####........#
#........#
#........#
#######l..# ...#.#


You could see an ogre, an adder and a frilled lizard (wandering).

Vanquished Creatures
  A worm (D:2)
  An endoplasm (D:1)
  A giant cockroach (D:1)
  3 goblins (D:1)
  3 hobgoblins (D:1)
  7 kobolds
  A quokka (D:1)
  3 ball pythons (D:1)
  2 rats (D:1)
22 creatures vanquished.

Notes
Turn   | Place    | Note
-------+----------+-------------------------------------------
     0 | D:1      | Xavori the Djinni Chaos Knight began the quest for the Orb.
     0 | D:1      | Reached XP level 1. HP: 20/20 MP: 0/0
    55 | D:1      | XOM: potion effect (haste)
    84 | D:1      | XOM: potion effect (brilliance)
    86 | D:1      | Reached XP level 2. HP: 25/25 MP: 0/0
   206 | D:1      | XOM: silly message
   324 | D:1      | XOM: silly message
   358 | D:1      | Reached XP level 3. HP: 30/30 MP: 0/0
   358 | D:1      | Learned a level 1 spell: Freeze
   466 | D:1      | XOM: silly message
   593 | D:1      | XOM: divination: magic mapping
  1321 | D:1      | XOM: silly message
  1479 | D:1      | XOM: give mutations
  1479 | D:1      | Gained mutation: You occasionally lose the ability to drink
                  | potions when taking damage. [Xom's mischief]
  1479 | D:1      | Gained mutation: You possess an exceptional clarity of
                  | mind. [Xom's mischief]
  2939 | D:1      | XOM: silly message
  3036 | D:1      | XOM: 1-stop teleportation journey
  3067 | D:1      | XOM: scenery: summon butterflies
  3247 | D:1      | XOM: summons 2 hostile demons
  3332 | D:2      | XOM: god gift: scroll labelled JOPEGI INUTOKH {god gift}
  3713 | D:1      | XOM: give mutations
  3713 | D:1      | Gained mutation: You passively dampen the noise of your
                  | surroundings. [Xom's grace]
  3713 | D:1      | Gained mutation: Your spells are a little harder to cast,
                  | but a little more powerful. [Xom's grace]
  3830 | D:1      | XOM: divination: magic mapping
  4404 | D:1      | XOM: give mutations
  4404 | D:1      | Gained mutation: You are covered in fur. (AC +1) [Xom's
                  | grace]
  4404 | D:1      | Gained mutation: You are partially covered in iridescent
                  | scales. (AC +2) [Xom's grace]
  4404 | D:1      | Gained mutation: You have supernaturally acute eyesight.
                  | (SInv) [Xom's grace]
  4404 | D:1      | Gained mutation: Your muscles are strong. (Str +4, Int/Dex
                  | -1) [Xom's grace]
  5574 | D:1      | XOM: silly message
  5590 | D:1      | XOM: summons 3 hostile shadow creatures
  5595 | D:2      | Noticed an ogre
  5608 | D:2      | Slain by an ogre

Illustrated notes

Levels and vault maps discovered:
D:1:      psy_arrival_terrarium, layout_rooms, minivault_24
D:2:      layout_loops_ring, hellmonk_ecumenical_altar_arch_garden, basic_altar,
          minmay_tetromino_i4, uniq_natasha, uniq_jessica

Skill      XL: |  1  2 |
---------------+-------+-----
Long Blades    | 3 |  3.1
Fighting       | |  3.3
Armour         | |  1.4
Dodging        | |  2.4
Stealth        | |  0.2

Action                     || total
---------------------------++-------
  Melee: Falchion          ||    75
    Use: Scroll            ||     1
 Armour: Leather armour    ||    33
  Dodge: Dodged            ||    53
  Block: Buckler           ||     7

Table legend: (Time is in decaauts)
 A = Elapsed time spent in this place.
 B = Non-inter-level travel time spent in this place.
 C = Inter-level travel time spent in this place.
 D = Time resting spent in this place.
 E = Time spent auto-exploring this place.
 F = Levels seen in this place.
 G = Mean time per level.
                   A        B        C        D        E       F      G
               +--------+--------+--------+--------+--------+-----+--------+
         Total |   5606 |   5506 |    100 |   5004 |    306 |   2 | 2803.0 |
       Dungeon |   5606 |   5506 |    100 |   5004 |    306 |   2 | 2803.0 |
               +--------+--------+--------+--------+--------+-----+--------+

Top non-repeatable levels by time:
     D:1: 5447 daAuts
     D:2: 159 daAuts
